[Event "Almaty Open 2019"]
[Site "Almaty"]
[Date "2019.10.10"]
[Round "5.1"]
[White "Fier, Alexandr"]
[Black "Igambergenov, Alibek"]
[Result "1/2-1/2"]
[ECO "D37"]
[WhiteElo "2541"]
[BlackElo "2402"]
[Annotator "ChessBase"]
[PlyCount "83"]
[EventDate "2019.10.07"]
[EventType "swiss"]
[EventCountry "KAZ"]
[SourceTitle "playchess.com"]
[Source "ChessBase"]
[SourceQuality "1"]
[TimeControl "5400+30"]

1. d4 Nf6 2. Nf3 e6 3. c4 d5 4. Nc3 a6 5. cxd5 exd5 6. Bg5 Be6 7. e3 Bd6 8. Bd3 Nbd7 9. O-O O-O 10. h3 Qe7 11. Qc2 h6 12. Bf4 Rac8 13. Bxd6 Qxd6 14. Na4 c5 15. dxc5 Nxc5 16. Nxc5 Rxc5 17. Qa4 Rfc8 18. Qd4 Bd7 19. e4 Qf4 20. e5 Nh5 21. Rad1 Qxd4 22. Nxd4 Nf4 23. Rfe1 Kf8 24. Bb1 Ba4 25. b3 Bd7 26. h4 g6 27. f3 Ne6 28. Kf2 Ke7 29. g4 R8c7 30. Ne2 Bb5 31. Nd4 Bd7 32. Nxe6 Bxe6 33. Ke3 Rc3+ 34. Bd3 Bd7 35. Kd4 Bb5 36. f4 Bxd3 37. Rxd3 Rc2 38. Kxd5 Rg2 39. g5 hxg5 40. hxg5 Rxa2 41. Ke4 a5 42. Red1 1/2-1/2

[Event "Almaty Open 2019"]
[Site "Almaty"]
[Date "2019.10.10"]
[Round "5.2"]
[White "Hamitevici, Vladimir"]
[Black "Smirnov, Pavel"]
[Result "1-0"]
[ECO "A05"]
[WhiteElo "2472"]
[BlackElo "2556"]
[Annotator "ChessBase"]
[PlyCount "69"]
[EventDate "2019.10.07"]
[EventType "swiss"]
[EventCountry "KAZ"]
[SourceTitle "playchess.com"]
[Source "ChessBase"]
[SourceQuality "1"]
[TimeControl "5400+30"]

1. Nf3 Nf6 2. g3 d5 3. Bg2 e6 4. O-O Be7 5. c4 O-O 6. b3 c5 7. cxd5 Nxd5 8. Bb2 b6 9. d4 Bb7 10. Na3 Nd7 11. Nc4 Rc8 12. Rc1 b5 13. Nce5 N7f6 14. a3 a5 15. Qd3 Qb6 16. Ng5 Rcd8 17. e4 Nc7 18. Qc2 Na6 19. Nexf7 Rxf7 20. e5 Bxg2 21. Kxg2 Qb7+ 22. f3 cxd4 23. exf6 gxf6 24. Nxf7 Kxf7 25. Qxh7+ Kf8 26. Qh8+ Kf7 27. Qh5+ Kf8 28. Rfe1 e5 29. Re4 Qd5 30. Bxd4 Bxa3 31. Rce1 Bd6 32. Rg4 Bc7 33. Qh7 Qf7 34. Qh6+ Ke8 35. Rg7 1-0

[Event "Almaty Open 2019"]
[Site "Almaty"]
[Date "2019.10.10"]
[Round "5.3"]
[White "Urazayev, Arystanbek"]
[Black "Utegaliyev, Azamat"]
[Result "1/2-1/2"]
[ECO "C79"]
[WhiteElo "2420"]
[BlackElo "2503"]
[Annotator "ChessBase"]
[PlyCount "51"]
[EventDate "2019.10.07"]
[EventType "swiss"]
[EventCountry "KAZ"]
[SourceTitle "playchess.com"]
[Source "ChessBase"]
[SourceQuality "1"]
[TimeControl "5400+30"]

1. e4 e5 2. Nf3 Nc6 3. Bb5 a6 4. Ba4 d6 5. O-O Nf6 6. Re1 Bg4 7. c3 Be7 8. d3 O-O 9. Nbd2 Nd7 10. h3 Bh5 11. Nf1 Nc5 12. Bc2 Ne6 13. Ng3 Bxf3 14. Qxf3 Bg5 15. Nf5 Bxc1 16. Raxc1 Qf6 17. Qe2 Ne7 18. Ne3 g6 19. Rcd1 h5 20. Qd2 Rad8 21. d4 Qg5 22. Bb3 Kh7 23. Kh1 Qh4 24. Bxe6 fxe6 25. f3 Qf6 26. Qe2 1/2-1/2

[Event "Almaty Open 2019"]
[Site "Almaty"]
[Date "2019.10.10"]
[Round "5.4"]
[White "Simantsev, Mikhail"]
[Black "Moisseyenko, Ilya"]
[Result "1-0"]
[ECO "D45"]
[WhiteElo "2365"]
[BlackElo "2264"]
[Annotator "ChessBase"]
[PlyCount "101"]
[EventDate "2019.10.07"]
[EventType "swiss"]
[EventCountry "KAZ"]
[SourceTitle "playchess.com"]
[Source "ChessBase"]
[SourceQuality "1"]
[TimeControl "5400+30"]

1. d4 d5 2. c4 c6 3. Nc3 Nf6 4. e3 e6 5. Nf3 Nbd7 6. Qc2 Bd6 7. Bd3 O-O 8. O-O dxc4 9. Bxc4 b5 10. Bd3 Bb7 11. e4 e5 12. Rd1 Qc7 13. h3 Rfe8 14. Bg5 Rad8 15. Rac1 Qb8 16. Ne2 a6 17. dxe5 Bxe5 18. Nxe5 Nxe5 19. Bxf6 gxf6 20. Ng3 Kh8 21. Be2 Ng6 22. Rxd8 Rxd8 23. Rd1 Nf4 24. Bf3 Qc7 25. Qc5 Rxd1+ 26. Bxd1 Ne6 27. Qh5 c5 28. Bg4 Kg7 29. Bxe6 fxe6 30. Qg4+ Kf7 31. Nh5 Ke7 32. Qg7+ Kd6 33. Qxf6 Qe7 34. e5+ Kd7 35. Qh6 c4 36. Nf6+ Kc7 37. a3 a5 38. Qh4 Kb8 39. a4 c3 40. bxc3 b4 41. Qd4 bxc3 42. Qxc3 Qb4 43. Nd7+ Ka7 44. Qc7 Qd2 45. Qb8+ Ka6 46. Nc5+ Kb6 47. Qxb7+ Kxc5 48. Qb5+ Kd4 49. Qd7+ Kc3 50. Qxd2+ Kxd2 51. f4 1-0

[Event "Almaty Open 2019"]
[Site "Almaty"]
[Date "2019.10.10"]
[Round "5.5"]
[White "Kenzhalin, Nursultan"]
[Black "Makhnev, Denis"]
[Result "0-1"]
[ECO "E15"]
[WhiteElo "2185"]
[BlackElo "2478"]
[Annotator "ChessBase"]
[PlyCount "94"]
[EventDate "2019.10.07"]
[EventType "swiss"]
[EventCountry "KAZ"]
[SourceTitle "playchess.com"]
[Source "ChessBase"]
[SourceQuality "1"]
[TimeControl "5400+30"]

1. d4 Nf6 2. c4 e6 3. Nf3 b6 4. g3 Ba6 5. Qc2 Bb7 6. Bg2 Bb4+ 7. Bd2 a5 8. O-O O-O 9. Nc3 Bxc3 10. Bxc3 Be4 11. Qc1 d5 12. b3 Nbd7 13. Rd1 Qc8 14. Qf4 a4 15. Nd2 Bxg2 16. Kxg2 Qb7 17. f3 b5 18. Rab1 axb3 19. axb3 Rfe8 20. c5 b4 21. Bb2 Nb8 22. e4 Nfd7 23. e5 f6 24. exf6 Nxf6 25. Re1 Nc6 26. Ra1 Rxa1 27. Rxa1 Qb5 28. Qe3 Nd7 29. f4 Nf6 30. h3 Kf8 31. Re1 Ne7 32. g4 Ng6 33. Kg3 h5 34. Qf3 Qd7 35. g5 h4+ 36. Kh2 Ng8 37. Qh5 Qf7 38. Qg4 N8e7 39. Bc1 Nf5 40. Nf3 Ra8 41. Qg2 Ng3 42. Nxh4 Nxh4 43. Qxg3 Ra2+ 44. Kh1 Qh5 45. Rf1 Qe2 46. Kg1 Qe4 47. Rf2 Qe1+ 0-1

[Event "Almaty Open 2019"]
[Site "Almaty"]
[Date "2019.10.10"]
[Round "5.6"]
[White "Amanov, Zhanibek"]
[Black "Kostenko, Petr"]
[Result "1/2-1/2"]
[ECO "C46"]
[WhiteElo "2339"]
[BlackElo "2462"]
[Annotator "ChessBase"]
[PlyCount "57"]
[EventDate "2019.10.07"]
[EventType "swiss"]
[EventCountry "KAZ"]
[SourceTitle "playchess.com"]
[Source "ChessBase"]
[SourceQuality "1"]
[TimeControl "5400+30"]

1. e4 e5 2. Nf3 Nc6 3. Nc3 d6 4. d4 Bg4 5. Bb5 exd4 6. Qxd4 Qd7 7. Bxc6 bxc6 8. Bg5 h6 9. Bh4 c5 10. Qd3 Be7 11. Bg3 Nf6 12. e5 dxe5 13. Qxd7+ Nxd7 14. Nxe5 Nxe5 15. Bxe5 O-O-O 16. Bxg7 Rh7 17. Be5 Bf5 18. Rd1 Bxc2 19. Rxd8+ Bxd8 20. Kd2 Bf5 21. Re1 f6 22. Bf4 h5 23. h4 Rd7+ 24. Kc1 Bg6 25. Be3 Be7 26. Rd1 Bf7 27. Rxd7 Kxd7 28. a3 a6 29. Kd2 1/2-1/2

[Event "Almaty Open 2019"]
[Site "Almaty"]
[Date "2019.10.10"]
[Round "5.7"]
[White "Stupak, Kirill"]
[Black "Barsov, Alexei"]
[Result "0-1"]
[ECO "A13"]
[WhiteElo "2551"]
[BlackElo "2365"]
[Annotator "ChessBase"]
[PlyCount "64"]
[EventDate "2019.10.07"]
[EventType "swiss"]
[EventCountry "KAZ"]
[SourceTitle "playchess.com"]
[Source "ChessBase"]
[SourceQuality "1"]
[TimeControl "5400+30"]

1. c4 e6 2. g3 d5 3. Bg2 Nf6 4. Nf3 dxc4 5. Qa4+ Nbd7 6. Qxc4 c5 7. Qc2 b6 8. Nc3 Bb7 9. O-O Rc8 10. Rd1 Be7 11. e4 e5 12. Nh4 g6 13. d3 O-O 14. Bh3 Ra8 15. f4 exf4 16. gxf4 Nb8 17. Nf3 Nc6 18. Be3 Bc8 19. Qg2 Bxh3 20. Qxh3 Qd7 21. f5 gxf5 22. Bh6 Ng4 23. Bxf8 Rxf8 24. Nd5 Kh8 25. Rd2 c4 26. Nxe7 Qxe7 27. Kh1 cxd3 28. Re1 Qb4 29. Qh4 Nd4 30. Ng5 h6 31. Rxd3 Qxb2 32. Nh3 Qxh2# 0-1

[Event "Almaty Open 2019"]
[Site "Almaty"]
[Date "2019.10.10"]
[Round "5.8"]
[White "Bekturov, Tamerlan"]
[Black "Harutyunian, Tigran K."]
[Result "0-1"]
[ECO "A40"]
[WhiteElo "2226"]
[BlackElo "2535"]
[Annotator "ChessBase"]
[PlyCount "106"]
[EventDate "2019.10.07"]
[EventType "swiss"]
[EventCountry "KAZ"]
[SourceTitle "playchess.com"]
[Source "ChessBase"]
[SourceQuality "1"]
[TimeControl "5400+30"]

1. d4 Nf6 2. c4 e6 3. g3 d5 4. Nf3 Bb4+ 5. Bd2 Be7 6. Bg2 O-O 7. O-O Nbd7 8. Qc2 c6 9. Rd1 Ne4 10. Be3 f5 11. Nfd2 Bd6 12. Nxe4 fxe4 13. f3 Nf6 14. fxe4 Ng4 15. Qd2 e5 16. dxe5 Nxe3 17. Qxe3 Bxe5 18. Na3 Bxb2 19. Rab1 d4 20. Qb3 Bc3 21. c5+ Kh8 22. Nc2 Qe7 23. Qa3 Qe5 24. e3 dxe3 25. Rd3 Bd2 26. Nxe3 Bxe3+ 27. Rxe3 Be6 28. Qc3 Qxc3 29. Rxc3 Rad8 30. Rf3 Rxf3 31. Bxf3 Rd7 32. Rb2 Kg8 33. Kf2 Kf7 34. Ke3 Kf6 35. Be2 Ke5 36. Bd3 Rf7 37. Be2 Rd7 38. Bd3 g5 39. Be2 h6 40. a3 Rd4 41. Rxb7 Rxe4+ 42. Kd2 Ra4 43. Rh7 Rxa3 44. Rxh6 Bd5 45. Rh7 Kd4 46. h4 Ra2+ 47. Kd1 Ke3 48. Re7+ Be4 49. Rxe4+ Kxe4 50. hxg5 Ke3 51. Bc4 Rg2 52. g6 Rxg3 53. Bf7 Kd4 0-1

[Event "Almaty Open 2019"]
[Site "Almaty"]
[Date "2019.10.10"]
[Round "5.9"]
[White "Khusenkhojaev, Muhammad"]
[Black "Dauletova, Gulmira"]
[Result "1-0"]
[ECO "E04"]
[WhiteElo "2434"]
[BlackElo "2259"]
[Annotator "NA"]
[PlyCount "83"]
[EventDate "2019.10.07"]
[EventType "swiss"]
[EventCountry "KAZ"]
[SourceTitle "playchess.com"]
[Source "ChessBase"]
[SourceQuality "1"]
[TimeControl "5400+30"]

1. d4 Nf6 2. c4 e6 3. g3 d5 4. Nf3 dxc4 5. Bg2 a6 6. O-O Nc6 7. e3 Bd7 8. Qe2 Bd6 9. Qxc4 O-O 10. Rd1 Qe7 11. Nc3 h6 12. Nd2 e5 13. Nde4 exd4 14. exd4 Nxe4 15. Nxe4 Be6 16. d5 Ne5 17. Qb3 Bg4 18. f3 Bh5 19. Nxd6 cxd6 20. Bd2 Rfe8 21. Re1 Qd7 22. f4 Ng6 23. h3 f5 24. Qb6 Nh8 25. Re6 Rac8 26. Bc3 Rxe6 27. dxe6 Qxe6 28. Qxb7 Bf7 29. Qxa6 h5 30. Re1 Qd7 31. Re7 Qd8 32. Qa7 Rc5 33. h4 Qf8 34. a4 Qc8 35. a5 Rxc3 36. bxc3 Qxc3 37. Kh2 Qd2 38. a6 g5 39. Qe3 Qa2 40. a7 gxf4 41. Qxf4 Ng6 42. a8=Q+ 1-0

[Event "Almaty Open 2019"]
[Site "Almaty"]
[Date "2019.10.10"]
[Round "5.10"]
[White "Rakhimzhan, Alen"]
[Black "Dzhumaev, Marat"]
[Result "1-0"]
[ECO "E91"]
[WhiteElo "2303"]
[BlackElo "2428"]
[Annotator "ChessBase"]
[PlyCount "105"]
[EventDate "2019.10.07"]
[EventType "swiss"]
[EventCountry "KAZ"]
[SourceTitle "playchess.com"]
[Source "ChessBase"]
[SourceQuality "1"]
[TimeControl "5400+30"]

1. d4 d6 2. Nf3 Nf6 3. c4 g6 4. Nc3 Bg7 5. e4 O-O 6. Be2 c5 7. d5 e6 8. O-O b6 9. dxe6 Bxe6 10. Ng5 Nc6 11. Nxe6 fxe6 12. Be3 a6 13. Qd2 Ra7 14. Rad1 Rd7 15. Rde1 Qb8 16. f4 Kh8 17. g4 Ne8 18. g5 Bd4 19. Bg4 Re7 20. Bxd4+ Nxd4 21. Ne2 Nxe2+ 22. Rxe2 Ng7 23. Rd1 Ree8 24. Rf2 Rd8 25. Qe3 b5 26. cxb5 Qxb5 27. Qc3 d5 28. Bxe6 dxe4 29. Rfd2 Rd4 30. Rxd4 cxd4 31. Qxd4 Qe2 32. Bh3 e3 33. Rf1 Re8 34. Bd7 Rd8 35. Qf6 Ra8 36. Bc6 Rc8 37. Bf3 Qd2 38. Qxa6 Re8 39. Qe2 Qd4 40. Bg4 Rf8 41. Rf3 Re8 42. h3 Qc5 43. Rf1 Qd4 44. Kh2 Re7 45. Kg3 Ne8 46. Rd1 Qb6 47. Rd7 Rxd7 48. Bxd7 Nd6 49. Qd3 Kg8 50. Bg4 Kf8 51. Kf3 Nb5 52. Qxe3 Nd4+ 53. Ke4 1-0

[Event "Almaty Open 2019"]
[Site "Almaty"]
[Date "2019.10.10"]
[Round "5.11"]
[White "Tologontegin, Semetey"]
[Black "Isanzhulov, Arystan"]
[Result "0-1"]
[ECO "A36"]
[WhiteElo "2384"]
[BlackElo "2305"]
[Annotator "ChessBase"]
[PlyCount "110"]
[EventDate "2019.10.07"]
[EventType "swiss"]
[EventCountry "KAZ"]
[SourceTitle "playchess.com"]
[Source "ChessBase"]
[SourceQuality "1"]
[TimeControl "5400+30"]

1. c4 c5 2. g3 g6 3. Bg2 Bg7 4. Nc3 Nc6 5. b3 d6 6. Bb2 Nh6 7. h4 O-O 8. e3 Rb8 9. Nge2 a6 10. d3 Ng4 11. h5 Bd7 12. Qd2 b5 13. f3 Nge5 14. f4 Ng4 15. hxg6 hxg6 16. Rh4 Nb4 17. Rxg4 Bxg4 18. a3 bxc4 19. dxc4 Bxe2 20. Kxe2 Nd3 21. Qxd3 Rxb3 22. Qc2 Qb6 23. Ra2 Rb8 24. Ba1 e6 25. Nd1 Bxa1 26. Rxa1 Qa5 27. Qc1 Kg7 28. Qd2 Qxd2+ 29. Kxd2 Rb2+ 30. Nxb2 Rxb2+ 31. Kc3 Rxg2 32. Rb1 Rxg3 33. Kd3 d5 34. cxd5 exd5 35. Rb6 d4 36. Rxa6 Rxe3+ 37. Kc4 Rc3+ 38. Kb5 d3 39. a4 c4 40. Rd6 Ra3 41. a5 c3 42. Rxd3 c2 43. Rxa3 c1=Q 44. Ra4 Qb1+ 45. Rb4 Qd3+ 46. Kb6 Qd6+ 47. Kb5 Qb8+ 48. Kc5 Qc7+ 49. Kb5 Qb7+ 50. Ka4 Qc6+ 51. Ka3 Kh6 52. f5 Qc3+ 53. Ka4 Qc2+ 54. Rb3 gxf5 55. a6 Qc4+ 0-1

[Event "Almaty Open 2019"]
[Site "Almaty"]
[Date "2019.10.10"]
[Round "5.12"]
[White "Serikbay, Chingiz"]
[Black "Mezentsev, Ivan"]
[Result "1/2-1/2"]
[ECO "A05"]
[WhiteElo "2298"]
[BlackElo "2351"]
[Annotator "ChessBase"]
[PlyCount "87"]
[EventDate "2019.10.07"]
[EventType "swiss"]
[EventCountry "KAZ"]
[SourceTitle "playchess.com"]
[Source "ChessBase"]
[SourceQuality "1"]
[TimeControl "5400+30"]

1. Nf3 Nf6 2. c4 e6 3. g3 d5 4. d4 Bb4+ 5. Bd2 Be7 6. Bg2 O-O 7. Qc2 b6 8. O-O Bb7 9. cxd5 exd5 10. Bf4 c6 11. Nc3 Nbd7 12. Rad1 Nh5 13. Bc1 f5 14. Ne5 g6 15. Bh6 Ng7 16. Nxd7 Qxd7 17. f3 Bf6 18. Kh1 Rf7 19. e4 dxe4 20. fxe4 Bxd4 21. Bxg7 Kxg7 22. exf5 gxf5 23. Ne2 c5 24. Nxd4 cxd4 25. Bxb7 Qxb7+ 26. Kg1 Qd5 27. Rf4 Rd8 28. Qd3 Qxa2 29. Rxd4 Rxd4 30. Qxd4+ Rf6 31. Re1 Qf7 32. Qd8 Re6 33. Qg5+ Kf8 34. Rd1 Qg6 35. Qf4 Re7 36. Rd5 Rf7 37. Rd6 Rf6 38. Rd7 Rf7 39. Qb8+ Kg7 40. Qxa7 Rxd7 41. Qxd7+ Kh6 42. Qd4 Qe6 43. Kf2 Kg6 44. h3 1/2-1/2

[Event "Almaty Open 2019"]
[Site "Almaty"]
[Date "2019.10.10"]
[Round "5.13"]
[White "Malygin, Vladislav"]
[Black "Zhukenov, Aituar"]
[Result "1/2-1/2"]
[ECO "B36"]
[WhiteElo "1941"]
[BlackElo "2196"]
[Annotator "NA"]
[PlyCount "51"]
[EventDate "2019.10.07"]
[EventType "swiss"]
[EventCountry "KAZ"]
[SourceTitle "playchess.com"]
[Source "ChessBase"]
[SourceQuality "1"]
[TimeControl "5400+30"]

1. c4 c5 2. Nf3 Nc6 3. d4 cxd4 4. Nxd4 g6 5. e4 Nf6 6. Nc3 Nxd4 7. Qxd4 d6 8. Be2 Bg7 9. Be3 O-O 10. Qd2 a5 11. O-O Bd7 12. f3 Bc6 13. Rac1 a4 14. Nd5 Nd7 15. Qb4 Re8 16. Rfd1 Qa5 17. Qxa5 Rxa5 18. Rc2 Bxd5 19. cxd5 Nc5 20. Bxc5 dxc5 21. Kf1 Bd4 22. b4 axb3 23. axb3 Rea8 24. b4 Ra2 25. Rxa2 Rxa2 26. bxc5 1/2-1/2

[Event "Almaty Open 2019"]
[Site "Almaty"]
[Date "2019.10.10"]
[Round "5.14"]
[White "Balabayeva, Xeniya"]
[Black "Sisabayev, Kuanysh"]
[Result "0-1"]
[ECO "B27"]
[WhiteElo "1986"]
[BlackElo "2289"]
[Annotator "ChessBase"]
[PlyCount "118"]
[EventDate "2019.10.07"]
[EventType "swiss"]
[EventCountry "KAZ"]
[SourceTitle "playchess.com"]
[Source "ChessBase"]
[SourceQuality "1"]
[TimeControl "5400+30"]

1. e4 c5 2. Nf3 g6 3. d4 Bg7 4. dxc5 Qa5+ 5. c3 Qxc5 6. Na3 Nf6 7. Nb5 O-O 8. Be3 Qc6 9. Nfd4 Qxe4 10. Nc7 b6 11. Be2 Qb7 12. Nxa8 Qxa8 13. Bf3 d5 14. Nb5 Na6 15. O-O e5 16. Bg5 Bb7 17. Qd2 Rd8 18. Rfe1 Qb8 19. Rad1 Nc5 20. Qe3 Ba6 21. Na3 e4 22. Be2 Nd3 23. Bxd3 Bxd3 24. f3 b5 25. Qf2 b4 26. Nb1 Qd6 27. Bxf6 Bxf6 28. fxe4 dxe4 29. Rxe4 Bxe4 30. Rxd6 Rxd6 31. Qe1 Bc2 32. Kf2 Kg7 33. cxb4 Rd1 34. Qe2 Rxb1 35. Qc4 Rxb2 36. Kg3 h5 37. Kf3 Bf5 38. h3 Be6 39. Qc5 Rxa2 40. b5 Ra5 41. g4 hxg4+ 42. hxg4 g5 43. Qb4 Ra2 44. Qc5 Rb2 45. Qxa7 Rb3+ 46. Kf2 Rxb5 47. Qa4 Rd5 48. Qc6 Rd4 49. Qc5 Rxg4 50. Kf3 Rc4 51. Qa7 g4+ 52. Kg2 Rc2+ 53. Kg1 Rd2 54. Qc7 Bd4+ 55. Kf1 Rf2+ 56. Ke1 Rf5 57. Qh2 Bf2+ 58. Kd2 g3 59. Qg2 Rg5 0-1

[Event "Almaty Open 2019"]
[Site "Almaty"]
[Date "2019.10.10"]
[Round "5.15"]
[White "Nukin, Tolegen"]
[Black "Bizhigitov, Zhangir"]
[Result "1-0"]
[ECO "C01"]
[WhiteElo "2104"]
[BlackElo "2018"]
[Annotator "ChessBase"]
[PlyCount "133"]
[EventDate "2019.10.07"]
[EventType "swiss"]
[EventCountry "KAZ"]
[SourceTitle "playchess.com"]
[Source "ChessBase"]
[SourceQuality "1"]
[TimeControl "5400+30"]

1. e4 e6 2. d4 d5 3. exd5 exd5 4. c4 Nf6 5. Nc3 Be7 6. Nf3 O-O 7. cxd5 Nxd5 8. Bc4 Nb6 9. Bb3 Bg4 10. h3 Bh5 11. g4 Bg6 12. h4 Bb4 13. Ng5 Qe8+ 14. Kf1 Bxc3 15. bxc3 Qc6 16. Rh3 N8d7 17. Kg1 h6 18. h5 Be4 19. Nxe4 Qxe4 20. Ba3 Rfe8 21. Bc2 Qe6 22. Re3 Qc6 23. Qd3 Nf6 24. Be7 Nbd5 25. Bxf6 Nxf6 26. Rae1 Rxe3 27. Rxe3 Re8 28. Rxe8+ Qxe8 29. Qf3 Qb5 30. Kg2 Qd5 31. Bb3 Qe4 32. Qxe4 Nxe4 33. c4 Nd2 34. f3 a5 35. Kg3 Kf8 36. Kf4 a4 37. Bxa4 Nxc4 38. Bb5 Nd6 39. Bd3 Ke7 40. Ke5 c6 41. Kf4 Ke6 42. Be4 Nb5 43. Ke3 Nc3 44. a3 Nb5 45. a4 Nc3 46. a5 Kd6 47. Kd3 Nb5 48. Kc4 Nc7 49. Bf5 Nd5 50. Be4 Nf4 51. Bc2 g6 52. g5 Ne6 53. gxh6 Nf8 54. hxg6 fxg6 55. f4 Ke6 56. h7 Nxh7 57. Kc5 Kd7 58. Bxg6 Nf6 59. Kb6 Kc8 60. Bf5+ Kb8 61. Be6 Ne8 62. a6 Nd6 63. axb7 c5 64. dxc5 Nc4+ 65. Kb5 Ne3 66. c6 Kc7 67. Kc5 1-0

[Event "Almaty Open 2019"]
[Site "Almaty"]
[Date "2019.10.10"]
[Round "5.16"]
[White "Kairbekova, Amina"]
[Black "Igen, Amir"]
[Result "1-0"]
[ECO "B56"]
[WhiteElo "2096"]
[BlackElo "1934"]
[Annotator "NA"]
[PlyCount "97"]
[EventDate "2019.10.07"]
[EventType "swiss"]
[EventCountry "KAZ"]
[SourceTitle "playchess.com"]
[Source "ChessBase"]
[SourceQuality "1"]
[TimeControl "5400+30"]

1. e4 c5 2. Nf3 d6 3. d4 cxd4 4. Nxd4 Nf6 $14 5. Nc3 Nc6 6. Nb3 e6 7. g4 d5 8. g5 Nxe4 9. Nxe4 dxe4 10. Qxd8+ Nxd8 11. Bg2 Bd7 12. Bxe4 Bc6 13. Bxc6+ Nxc6 14. Ke2 O-O-O 15. Be3 g6 16. c3 Bg7 17. Rad1 Rxd1 18. Rxd1 h6 19. h4 h5 20. Nc5 Bf8 21. Ne4 Be7 22. b4 b6 23. b5 Na5 24. c4 Nb7 25. a4 Rd8 26. Rc1 Kb8 27. Rc3 Rc8 28. Bd4 Bb4 29. Be5+ Ka8 30. Rf3 Nd8 31. Kd3 Be7 32. Rf4 Bb4 33. Rf3 Be7 34. Kd4 a6 35. Bg3 Ka7 36. Bd6 Bxd6 37. Nxd6 Rc7 38. Ke5 a5 39. Kf6 Rd7 40. Ke5 Kb8 41. Rf4 Kc7 42. Ne8+ Kc8 43. Nd6+ Kc7 44. Ne8+ Kc8 45. Kf6 Ra7 46. Nd6+ Kb8 47. Kg7 e5 48. Rf6 Ne6+ 49. Kg8 1-0

[Event "Almaty Open 2019"]
[Site "Almaty"]
[Date "2019.10.10"]
[Round "5.17"]
[White "Kembayev, Bakhytzhan"]
[Black "Baimurzin, Aitkazy"]
[Result "1-0"]
[ECO "A43"]
[WhiteElo "2119"]
[BlackElo "2036"]
[Annotator "ChessBase"]
[PlyCount "92"]
[EventDate "2019.10.07"]
[EventType "swiss"]
[EventCountry "KAZ"]
[SourceTitle "playchess.com"]
[Source "ChessBase"]
[SourceQuality "1"]
[TimeControl "5400+30"]

1. d4 c5 2. d5 e6 3. e4 a6 4. c4 exd5 5. exd5 g6 6. Nf3 Bg7 7. Nc3 d6 8. Bf4 Ne7 9. Qa4+ Bd7 10. Qb3 O-O 11. Bd3 Bf5 12. Bxf5 Nxf5 13. O-O Nd7 14. Ne4 Nf6 15. Bg5 h6 16. Bxf6 Bxf6 17. Qxb7 Bg7 18. Rab1 Qa5 19. Qb3 Rfb8 20. Qa3 Qd8 21. b4 cxb4 22. Rxb4 Rxb4 23. Qxb4 a5 24. Qa3 Rb8 25. g4 Bb2 26. Qd3 Ng7 27. Rb1 f5 28. gxf5 Nxf5 29. Ng3 Qf6 30. Nxf5 gxf5 31. Nd4 Kh8 32. Kf1 f4 33. Qe4 f3 34. Nxf3 Rf8 35. Qe2 Ba3 36. Rb3 Bc5 37. Qd1 a4 38. Rd3 a3 39. Qc1 Rb8 40. Qe1 Qg7 41. Nd2 Rf8 42. Ne4 Rc8 43. Nxc5 Rxc5 44. Rg3 Qf7 45. Qe3 Qf8 46. Rf3 Qg7 1-0

[Event "Almaty Open 2019"]
[Site "Almaty"]
[Date "2019.10.10"]
[Round "5.18"]
[White "Zhakshylykov, Erzhan"]
[Black "Nurgaliyev, Sauat"]
[Result "1/2-1/2"]
[ECO "B17"]
[WhiteElo "1999"]
[BlackElo "1995"]
[Annotator "NA"]
[PlyCount "112"]
[EventDate "2019.10.07"]
[EventType "swiss"]
[EventCountry "KAZ"]
[SourceTitle "playchess.com"]
[Source "ChessBase"]
[SourceQuality "1"]
[TimeControl "5400+30"]

1. e4 c6 2. d4 d5 3. Nc3 dxe4 4. Nxe4 Nd7 5. Bc4 Ngf6 6. Ng5 e6 7. Qe2 Nb6 8. Bb3 Be7 9. N1f3 O-O 10. O-O h6 11. Nh3 Qc7 12. c3 Bd6 13. Bc2 Nbd7 14. Re1 c5 15. Ne5 cxd4 16. cxd4 b6 17. Bf4 Bb7 18. Rac1 Qb8 19. Ba4 b5 20. Bxb5 Nb6 21. Bg3 a6 22. Nc6 Bxc6 23. Bxc6 Ra7 24. Be5 Qd8 25. Red1 Nbd5 26. Qf3 Qb8 27. Qg3 Rd8 28. Bxd5 Bxe5 29. Qxe5 Nxd5 30. Qxb8 Rxb8 31. Rd2 Rb4 32. Rc5 a5 33. f3 a4 34. a3 Rb3 35. Nf2 Kf8 36. Nd3 Ke7 37. Ne5 Rab7 38. Nc4 Kf6 39. Ra5 Nb6 40. Nxb6 R7xb6 41. Rxa4 Rxb2 42. Rxb2 Rxb2 43. Rb4 Ra2 44. a4 Kg6 45. h3 h5 46. Kh2 h4 47. Kg1 Kf6 48. Rc4 Kg6 49. Kh2 Kf6 50. Rb4 Kg6 51. Kg1 Kf6 52. Kh2 Kg6 53. Rc4 Kf6 54. Kh1 Kg6 55. Rb4 Kf6 56. Kh2 Kg6 1/2-1/2